[Event "Titled Tuesday Blitz January 17 Early 2023"]
[White "Bagwe Gaurang"]
[Black "Skurikhin, Dmitrij"]
[WhiteFideId "45039895"]
[BlackFideId "4161297"]
[WhiteElo "2067"]
[BlackElo "2297"]
[Result "1-0"]
[Round "05"]
[TimeControl "180+2"]
[Date "2023.01.17"]
[WhiteClock "0:00:09"]
[BlackClock "0:00:03"]

1. d4 d5 2. Nf3 Nf6 3. e3 Bf5 4. c4 c6 5. cxd5 cxd5 6. Qb3 Qc8 7. Nc3 e6 8. Bd2 Nc6 9. Rc1 Be7 10. Bb5 O-O 11. Ne5 Nxe5 12. dxe5 Ng4 13. Nxd5 Qd8 14. Nxe7+ Qxe7 15. Bb4 Qh4 16. g3 Qh3 17. Bf1 Qh6 18. Bxf8 Rxf8 19. Bg2 Nxe5 20. O-O b6 21. Rc7 Qh5 22. e4 Bh3 23. Rfc1 h6 24. Qd1 Bg4 25. Qf1 Be2 26. Qe1 Nf3+ 27. Bxf3 Bxf3 28. Rc8 Rxc8 29. Rxc8+ Kh7 30. Rc3 Qg4 31. Qe3 Bd1 32. f3 Qg6 33. b3 e5 34. Rd3 Bc2 35. Rd2 Bb1 36. Qe1 Qg5 37. Rd7 Bxa2 38. Qd2 1-0


[Site "https://www.chess.com"]

[Event "Titled Tuesday Blitz January 17 Early 2023"]
[White "Kassimov, Baurzhan"]
[Black "Kabilov, Amin"]
[WhiteFideId "13704800"]
[BlackFideId "14700859"]
[WhiteElo "2285"]
[BlackElo "2207"]
[Result "0-1"]
[Round "05"]
[TimeControl "180+2"]
[Date "2023.01.17"]
[WhiteClock "0:00:02"]
[BlackClock "0:00:01"]

1. d4 Nf6 2. Nf3 g6 3. g3 Bg7 4. Bg2 O-O 5. O-O d6 6. c4 Nbd7 7. Nc3 e5 8. e4 Re8 9. d5 Nc5 10. Qc2 a5 11. b3 c6 12. Be3 cxd5 13. cxd5 b6 14. Rfe1 Ba6 15. Bf1 Bxf1 16. Rxf1 Rc8 17. Nd2 Ncxe4 18. Ndxe4 Nxe4 19. Qxe4 Rxc3 20. Rac1 f5 21. Qa4 e4 22. Rxc3 Bxc3 23. Qc6 Be5 24. Bxb6 Qe7 25. Rc1 Rf8 26. Qc7 Qg5 27. Qc2 f4 28. Kg2 e3 29. Rf1 f3+ 30. Kh1 e2 31. Rg1 Qg4 32. Be3 Rc8 33. Qd2 Qh3 34. Qxa5 Qf1 35. Qe1 Qh3 36. a4 Bc3 37. Qc1 e1=Q 38. Qxe1 Bxe1 39. a5 Bxa5 40. b4 Bxb4 41. Bf4 Bc5 42. Rc1 Qg2# 0-1


[Site "https://www.chess.com"]

[Event "Titled Tuesday Blitz January 17 Early 2023"]
[White "Cella, Glaucio Dalla Cortt"]
[Black "Player, Edmund C"]
[WhiteFideId "2119455"]
[BlackFideId "406520"]
[WhiteElo "1894"]
[BlackElo "2204"]
[Result "1-0"]
[Round "05"]
[TimeControl "180+2"]
[Date "2023.01.17"]
[WhiteClock "0:01:56"]
[BlackClock "0:00:02"]

1. e4 e5 2. Nf3 Nc6 3. d4 exd4 4. Bc4 Nf6 5. e5 d5 6. Bb5 Ne4 7. Nxd4 Bd7 8. Bxc6 bxc6 9. O-O Be7 10. f3 Ng5 11. f4 Ne4 12. Be3 O-O 13. Nd2 c5 14. N4f3 Nxd2 15. Bxd2 d4 16. c3 Bc6 17. f5 Rb8 18. Qe1 Rxb2 19. f6 gxf6 20. Bh6 Kh8 21. Bxf8 Qxf8 22. cxd4 cxd4 23. Rf2 1-0


[Site "https://www.chess.com"]

[Event "Titled Tuesday Blitz January 17 Early 2023"]
[White "Parpiev, Isaak"]
[Black "Rios Escobar, Adan"]
[WhiteFideId "34281576"]
[BlackFideId "3403645"]
[WhiteElo "2167"]
[BlackElo "2234"]
[Result "1-0"]
[Round "05"]
[TimeControl "180+2"]
[Date "2023.01.17"]
[WhiteClock "0:01:07"]
[BlackClock "0:00:02"]

1. Nf3 Nf6 2. g3 g6 3. Bg2 Bg7 4. O-O c5 5. d3 O-O 6. e4 d6 7. c3 Nc6 8. h3 e5 9. a3 d5 10. exd5 Nxd5 11. Nbd2 Nc7 12. Qc2 b6 13. Ne4 h6 14. b4 f5 15. Ned2 Ba6 16. Ne1 e4 17. dxe4 Bxf1 18. Nxf1 cxb4 19. axb4 Kh8 20. exf5 Nxb4 21. cxb4 Bxa1 22. Bxa8 Nxa8 23. fxg6 Bd4 24. Nd3 Nc7 25. Bxh6 Rg8 26. Nf4 Nd5 27. g7+ Bxg7 28. Ng6+ Kh7 29. Nf8+ Kxh6 30. Qg6# 1-0


[Site "https://www.chess.com"]

[Event "Titled Tuesday Blitz January 17 Early 2023"]
[White "Jenkins, Drake"]
[Black "Cappai, Davide"]
[WhiteFideId "2022397"]
[BlackFideId "813338"]
[WhiteElo "2130"]
[BlackElo "2140"]
[Result "0-1"]
[Round "05"]
[TimeControl "180+2"]
[Date "2023.01.17"]
[WhiteClock "0:00:03"]
[BlackClock "0:01:40"]

1. Nf3 g6 2. c4 Bg7 3. g3 c5 4. Bg2 Nc6 5. O-O d6 6. Nc3 Nh6 7. a3 a5 8. Nb5 O-O 9. d4 cxd4 10. Nfxd4 Bd7 11. h3 Nf5 12. e3 Rc8 13. Nxf5 Bxf5 14. Qe2 Ne5 15. Bxb7 Rb8 16. Bd5 e6 17. Bg2 Bd3 18. Qd1 Bxc4 19. Nxd6 Bxf1 20. Bxf1 Rb6 21. f4 Rxd6 22. Qe2 Nd3 23. Bd2 Nxb2 24. Be1 Nd3 25. Rb1 Nxe1 26. Qxe1 Qc7 27. a4 Rc8 28. Bb5 Qc5 0-1


[Site "https://www.chess.com"]

[Event "Titled Tuesday Blitz January 17 Early 2023"]
[White "Bosnjak, Petar"]
[Black "Lauridsen, Jesper Morch"]
[WhiteFideId "14532581"]
[BlackFideId "1401890"]
[WhiteElo "2337"]
[BlackElo "2309"]
[Result "1/2-1/2"]
[Round "05"]
[TimeControl "180+2"]
[Date "2023.01.17"]
[WhiteClock "0:01:43"]
[BlackClock "0:00:08"]

1. d4 d5 2. c4 e6 3. Nc3 c5 4. cxd5 exd5 5. Nf3 Nc6 6. g3 Nf6 7. Bg2 cxd4 8. Nxd4 Bc5 9. Nb3 Bb6 10. O-O d4 11. Na4 O-O 12. Bg5 Re8 13. Nxb6 axb6 14. Bxc6 bxc6 15. Qxd4 Qxd4 16. Nxd4 c5 17. Nb5 Rxe2 18. Rfe1 Rxa2 19. Nc3 Rxa1 20. Rxa1 Re8 21. Bxf6 gxf6 22. Nd5 Kg7 23. Nxb6 Bh3 24. Rc1 Re2 25. Na4 c4 26. Nb6 Be6 27. Nxc4 Bxc4 28. Rxc4 Rxb2 29. Rc5 Kg6 30. g4 Rb3 31. Kg2 Ra3 32. Rb5 h6 33. f3 Rc3 34. Kg3 Rc2 35. h4 Ra2 36. h5+ Kg7 37. Rb6 Ra4 38. Rb5 Rc4 39. Kf2 Rc3 40. Ke2 Ra3 41. Rb4 Rc3 42. Rd4 Ra3 43. Rd3 Ra2+ 44. Ke3 Ra1 45. Ke4 Ra4+ 46. Rd4 Ra3 47. f4 Rg3 48. Kf5 Ra3 49. Rd5 Ra4 50. Rb5 Rc4 51. Rb6 Rc5+ 52. Ke4 Rc4+ 53. Ke3 Rc3+ 54. Kf2 Rc2+ 55. Kg3 Rc3+ 56. Kf2 Rc4 57. Ke3 Rc3+ 58. Ke4 Rc4+ 59. Kf3 Rc3+ 60. Kf2 1/2-1/2


[Site "https://www.chess.com"]

[Event "Titled Tuesday Blitz January 17 Early 2023"]
[White "Jimenez Almeida, Luis David"]
[Black "Ruge, Edison"]
[WhiteFideId "22242244"]
[BlackFideId "4401000"]
[WhiteElo "2242"]
[BlackElo "2201"]
[Result "1-0"]
[Round "05"]
[TimeControl "180+2"]
[Date "2023.01.17"]
[WhiteClock "0:00:08"]
[BlackClock "0:00:01"]

1. e4 e5 2. Nf3 Nc6 3. Bb5 f5 4. d3 fxe4 5. dxe4 Nf6 6. Be3 Bb4+ 7. c3 Ba5 8. Nbd2 Bb6 9. Qe2 Bxe3 10. Qxe3 d6 11. Bc4 Qe7 12. h3 Nd8 13. Nh4 Be6 14. Nf5 Qd7 15. g4 Bxc4 16. Nxc4 Ne6 17. O-O-O Qa4 18. Ncxd6+ cxd6 19. Nxd6+ Kf8 20. g5 Nh5 21. Kb1 Nhf4 22. Nf5 g6 23. Rd6 Rd8 24. Rhd1 Rxd6 25. Rxd6 Qc4 26. Ng3 Ke7 27. Rd1 Rd8 28. Rxd8 Kxd8 29. Qxa7 Qd3+ 30. Kc1 Kc7 31. Qa5+ Kc6 32. Qxe5 Qd6 33. Qa5 Nd3+ 34. Kb1 Ndc5 35. Kc1 Nf4 36. b4 Nfd3+ 37. Kb1 Na6 38. b5+ Kd7 39. bxa6 bxa6 40. Qd5 Qxd5 41. exd5 Nxf2 42. h4 Kd6 43. c4 Nd3 44. Kc2 Ne5 45. Kc3 Nf3 46. Ne4+ Ke5 47. Nf6 Nxh4 48. Nxh7 Nf3 49. Nf8 Kf5 50. d6 Nxg5 51. d7 Nf7 52. c5 Kf6 53. c6 Ke7 54. c7 1-0


[Site "https://www.chess.com"]

[Event "Titled Tuesday Blitz January 17 Early 2023"]
[White "Eynullayev, Atilla"]
[Black "Thomas, Anysia"]
[WhiteFideId "13413570"]
[BlackFideId "670472"]
[WhiteElo "2281"]
[BlackElo "2147"]
[Result "1-0"]
[Round "05"]
[TimeControl "180+2"]
[Date "2023.01.17"]
[WhiteClock "0:01:55"]
[BlackClock "0:00:02"]

1. d4 Nf6 2. c4 g6 3. Nc3 d5 4. cxd5 Nxd5 5. e4 Nxc3 6. bxc3 Bg7 7. Nf3 c5 8. Bb5+ Nd7 9. O-O O-O 10. Re1 a6 11. Bf1 Nf6 12. h3 b5 13. a4 Bb7 14. d5 Nd7 15. axb5 Bxc3 16. Bh6 Re8 17. bxa6 Ne5 18. axb7 Rxa1 19. Qxa1 Bxa1 20. Rxa1 Nxf3+ 21. gxf3 Qb6 22. Ra8 1-0


[Site "https://www.chess.com"]

[Event "Titled Tuesday Blitz January 17 Early 2023"]
[White "Erzhanov, Arman"]
[Black "Yuan, Qingyu"]
[WhiteFideId "4138821"]
[BlackFideId "8609772"]
[WhiteElo "2228"]
[BlackElo "2373"]
[Result "1-0"]
[Round "05"]
[TimeControl "180+2"]
[Date "2023.01.17"]
[WhiteClock "0:00:07"]
[BlackClock "0:00:02"]

1. e4 e5 2. Nf3 Nc6 3. Bb5 Nf6 4. O-O Nxe4 5. Re1 Nd6 6. Nxe5 Be7 7. Bf1 Nxe5 8. Rxe5 O-O 9. d4 Bf6 10. Re1 Re8 11. Rxe8+ Nxe8 12. c3 d5 13. Bf4 c6 14. Bd3 g6 15. Nd2 Ng7 16. h3 Bf5 17. Nf3 Qb6 18. Bxf5 Nxf5 19. Qd2 Re8 20. Re1 Rxe1+ 21. Nxe1 Qa6 22. a3 Qc4 23. Nd3 h5 24. Kh2 Qa2 25. Bb8 a6 26. Qe2 Ng7 27. Qf3 Be7 28. Ne5 Nf5 29. Nd3 Qb1 30. Be5 h4 31. Qe2 Bg5 32. Bf4 Bf6 33. Be5 Be7 34. Bf4 Bf8 35. Bg5 Bd6+ 36. Bf4 Bxf4+ 37. Nxf4 Qe4 38. Qg4 Kh7 39. Qg5 a5 40. Qg4 Kh6 41. Ne2 Qxg4 42. hxg4 Nd6 43. b3 a4 44. bxa4 g5 45. g3 hxg3+ 46. Nxg3 Nc4 47. Nf5+ Kg6 48. Kg3 Nxa3 49. Nd6 Nb1 50. Nxb7 Nxc3 51. a5 Ne2+ 52. Kg2 Nxd4 53. a6 Nb5 54. Na5 Na7 55. Nb3 Kf6 56. Kf3 Ke5 57. Ke3 Kd6 58. Kd4 Nb5+ 59. Kd3 c5 60. Nd2 Kc6 61. Ke3 Kb6 62. f4 f6 63. fxg5 fxg5 64. Nf3 Kxa6 65. Nxg5 d4+ 66. Ke4 Ka5 67. Ne6 Kb4 68. g5 Nd6+ 69. Kd5 Nf5 70. Ke4 Nd6+ 71. Kd5 d3 72. Nf4 d2 73. Nd3+ Kb5 74. Nf2 Nf7 75. g6 Nh6 76. g7 c4 77. Kd4 Kb4 78. Nd1 Kb3 79. Ke3 c3 80. Ke2 c2 81. Kxd2 Ng8 82. Ne3 Nf6 83. Nxc2 Kc4 84. Ke3 Ng8 85. Ke4 Kc5 86. Ke5 Kc6 87. Ke6 Nh6 88. Ne3 Kc7 89. Ke7 Kc6 90. Ke6 Kc7 91. Nf5 Ng8 92. Kf7 Kd7 93. Kxg8 Ke6 94. Kf8 Kf6 95. g8=Q Ke5 96. Qf7 1-0


[Site "https://www.chess.com"]

[Event "Titled Tuesday Blitz January 17 Early 2023"]
[White "Jaskolka, Tomasz"]
[Black "Shipov, Sergei"]
[WhiteFideId "1170791"]
[BlackFideId "4113624"]
[WhiteElo "2238"]
[BlackElo "2541"]
[Result "0-1"]
[Round "05"]
[TimeControl "180+2"]
[Date "2023.01.17"]
[WhiteClock "0:00:18"]
[BlackClock "0:00:12"]

1. d4 d5 2. c4 dxc4 3. Nf3 Nf6 4. e3 e6 5. Bxc4 c5 6. O-O Nc6 7. Nc3 a6 8. a4 Be7 9. b3 O-O 10. Bb2 b6 11. d5 exd5 12. Nxd5 Bb7 13. Nxe7+ Qxe7 14. Qc2 h6 15. Qf5 Na5 16. Bd3 Rfd8 17. Bxf6 Qxf6 18. Qxf6 gxf6 19. Bc2 Bxf3 20. gxf3 Rd2 21. Rac1 Rad8 22. Rfd1 Kf8 23. Kf1 Ke7 24. Rxd2 Rxd2 25. Ke1 Rd5 26. Ke2 Rh5 27. Rg1 Rxh2 28. Rg8 Rh4 29. Kd2 Rh2 30. Ke2 c4 31. bxc4 Nxc4 32. Ra8 a5 33. Rb8 h5 34. Bb3 Ne5 35. Rxb6 h4 36. f4 Ng4 37. Kf3 f5 38. Rb7+ Kd6 39. Ra7 Rxf2# 0-1


[Site "https://www.chess.com"]

[Event "Titled Tuesday Blitz January 17 Early 2023"]
[White "Gatterer, Florian"]
[Black "Wagh Suyog"]
[WhiteFideId "811688"]
[BlackFideId "25071688"]
[WhiteElo "2170"]
[BlackElo "2313"]
[Result "1/2-1/2"]
[Round "05"]
[TimeControl "180+2"]
[Date "2023.01.17"]
[WhiteClock "0:00:17"]
[BlackClock "0:00:42"]

1. c4 c5 2. Nf3 Nf6 3. Nc3 d6 4. g3 Nc6 5. d4 cxd4 6. Nxd4 g6 7. Bg2 Bd7 8. O-O Bg7 9. e3 O-O 10. b3 Rc8 11. Bb2 h5 12. h4 Ng4 13. Qd2 Nge5 14. Nxc6 bxc6 15. Ne4 Bg4 16. f3 Bf5 17. Nf2 Qb6 18. e4 Be6 19. Kh2 f5 20. f4 Nd7 21. Bxg7 Kxg7 22. exf5 Bxf5 23. Bh3 Nf6 24. Rfe1 Rce8 25. Rad1 e5 26. Bxf5 gxf5 27. fxe5 dxe5 28. Qg5+ Kh7 29. Kg2 f4 30. Ne4 Re6 31. Nxf6+ Rexf6 32. Rd7+ R6f7 33. Qxh5+ Kg7 34. Qxe5+ Kh7 35. Qh5+ Kg7 36. Rxf7+ Rxf7 37. Qg5+ Kh7 38. Qh5+ Kg7 39. Qg5+ Kh7 40. Qh5+ Kg7 1/2-1/2


[Site "https://www.chess.com"]

[Event "Titled Tuesday Blitz January 17 Early 2023"]
[White "Dixit, Nikhil"]
[Black "Szyszylo, Rafal"]
[WhiteFideId "5059534"]
[BlackFideId "1109626"]
[WhiteElo "2257"]
[BlackElo "2091"]
[Result "1/2-1/2"]
[Round "05"]
[TimeControl "180+2"]
[Date "2023.01.17"]
[WhiteClock "0:00:43"]
[BlackClock "0:00:08"]

1. e4 g6 2. d4 d6 3. Nc3 Nf6 4. Nf3 Bg7 5. Be2 O-O 6. O-O Bg4 7. Be3 Bxf3 8. Bxf3 e5 9. dxe5 dxe5 10. Qxd8 Rxd8 11. Rfd1 Nc6 12. Nd5 Nxd5 13. exd5 Nd4 14. Bxd4 exd4 15. Kf1 Re8 16. Rd3 Rac8 17. Rad1 c5 18. dxc6 bxc6 19. Ra3 Rc7 20. b3 c5 21. Ra6 Re6 22. Rxe6 fxe6 23. Be2 Kf7 24. Bc4 Ke7 25. Re1 e5 26. Re4 Kd6 27. Ke2 Bf6 28. h4 h6 29. g3 g5 30. hxg5 hxg5 31. f4 gxf4 32. gxf4 Rh7 33. fxe5+ Bxe5 34. Bd3 Rh2+ 35. Kd1 Rh1+ 36. Kd2 Rh2+ 37. Kc1 Rh1+ 38. Kb2 Rg1 39. Rh4 Rg2 40. Ka3 Rg7 41. Rh6+ Kc7 42. Ka4 Bf4 43. Rf6 Bd2 44. Kb5 Bb4 45. a4 a5 46. Rc6+ Kd7 47. Bf5+ Ke7 48. Bd3 Kd7 49. Rb6 Kc7 50. Ra6 Re7 51. Kc4 Rd7 52. Rg6 Rd6 53. Rg7+ Kd8 54. Rb7 Kc8 55. Ra7 Kb8 56. Rh7 Kc8 57. Bf5+ Kb8 58. Be4 Kc8 59. Kb5 Kd8 60. Bc6 d3 61. cxd3 Rxd3 62. Rh8+ Ke7 63. Rh7+ Kd8 64. Rf7 Rxb3 65. Bd5 Re3 66. Kc6 Re7 67. Rf8+ Re8 68. Rf7 Re7 69. Rf8+ Re8 70. Rxe8+ Kxe8 71. Bc4 Ke7 72. Kd5 Kf6 73. Bb5 Kf5 74. Kc4 Ke4 75. Bc6+ Ke3 76. Bb5 Kd2 77. Bc6 Kc2 78. Bb5 Kb2 79. Bc6 Ka3 80. Bb5 Kb2 81. Bc6 Kc2 82. Bb5 Kd2 83. Bc6 Ke3 84. Bb5 Kf4 85. Bc6 Ke5 86. Bb5 Kd6 87. Be8 Ke7 88. Bb5 Kd8 89. Ba6 Kc7 90. Bb5 Kb6 91. Kb3 Bd2 92. Kc4 Bf4 93. Kb3 Bg3 94. Kc4 Bf2 95. Kd5 Kc7 96. Kc4 Be3 97. Kd5 Bd4 98. Kc4 Kb6 99. Kd5 Kc7 100. Kc4 Kd6 101. Ba6 Bf2 102. Bb5 Ke5 103. Ba6 Be3 104. Bb5 Kd6 105. Kd3 Bd4 106. Ke4 Bc3 107. Bc4 Bb4 108. Bd3 Ba3 109. Bc4 Bb4 110. Kd3 Ba3 111. Kc2 Bb4 112. Kb3 Ke5 113. Bb5 Kd4 114. Bc4 Ke3 115. Bb5 Kd4 116. Bc4 Bc3 117. Bb5 Bb4 1/2-1/2


[Site "https://www.chess.com"]

[Event "Titled Tuesday Blitz January 17 Early 2023"]
[White "Qashashvili, Alexandre"]
[Black "Fernandez Garcia, Gumersindo"]
[WhiteFideId "13600842"]
[BlackFideId "24516740"]
[WhiteElo "2505"]
[BlackElo "2160"]
[Result "0-1"]
[Round "05"]
[TimeControl "180+2"]
[Date "2023.01.17"]
[WhiteClock "0:00:10"]
[BlackClock "0:00:30"]

1. e4 c5 2. Nc3 g6 3. Nf3 Bg7 4. d3 Nc6 5. Be3 Nd4 6. Be2 d6 7. Qd2 Rb8 8. a4 a6 9. Bd1 b5 10. axb5 axb5 11. h3 Bd7 12. O-O b4 13. Bxd4 cxd4 14. Ne2 Qb6 15. c4 bxc3 16. bxc3 dxc3 17. Nxc3 Nf6 18. Rb1 Qd8 19. Rxb8 Qxb8 20. Ba4 O-O 21. Bxd7 Nxd7 22. Nd5 Re8 23. Rc1 e6 24. Ne3 Nc5 25. e5 Nb3 26. Qc2 Nxc1 27. Qxc1 dxe5 28. Qc5 Rc8 29. Qa5 Rc1+ 30. Nf1 Qc7 31. Qa8+ Qc8 32. Qe4 Qc6 33. Qe3 Qc5 34. Qe4 h6 35. Qa8+ Kh7 36. Qe4 Qc2 37. g3 Qd1 38. Nh2 f5 39. Qf3 Qxf3 40. Nxf3 Rc3 41. Ne1 Bf8 42. Kg2 Rc1 43. Nf3 Rd1 44. Nxe5 Bg7 45. Ne3 Rd2 46. Nf3 Rxd3 47. Ne1 Ra3 48. Nf3 e5 49. Nd5 e4 50. Nh2 Ra5 51. Nf4 Ra2 52. Ne6 Be5 53. g4 f4 54. h4 Kg8 55. Nc5 e3 56. Kf3 Rxf2+ 57. Ke4 Rxh2 58. Kxe5 e2 59. Kf6 e1=Q 60. g5 hxg5 61. hxg5 Qc3+ 62. Kxg6 Qxc5 63. Kf6 Qd6+ 64. Kf5 f3 65. Kg4 f2 66. g6 f1=Q 67. g7 Rg2+ 68. Kh3 Qh1# 0-1


[Site "https://www.chess.com"]

[Event "Titled Tuesday Blitz January 17 Early 2023"]
[White "Tarasova, Viktoriya"]
[Black "Ismagilov, Damir"]
[WhiteFideId "4175840"]
[BlackFideId "34199982"]
[WhiteElo "2226"]
[BlackElo "2156"]
[Result "0-1"]
[Round "05"]
[TimeControl "180+2"]
[Date "2023.01.17"]
[WhiteClock "0:00:06"]
[BlackClock "0:00:14"]

1. d4 f5 2. c4 Nf6 3. g3 g6 4. Bg2 Bg7 5. Nf3 O-O 6. O-O d6 7. Nc3 c6 8. b3 Na6 9. Bb2 Nc7 10. Re1 Ne4 11. Qc2 Nxc3 12. Bxc3 Qe8 13. Rad1 e5 14. dxe5 dxe5 15. e4 f4 16. Bb4 Rf7 17. Ng5 Rd7 18. Rxd7 Bxd7 19. Bd6 Ne6 20. Nf3 fxg3 21. hxg3 Nd8 22. Qc3 Nf7 23. Ba3 Rd8 24. Rd1 Bg4 25. Rxd8 Qxd8 26. Qd2 Bxf3 27. Qxd8+ Nxd8 28. Bxf3 h5 29. Bg2 Kf7 30. Bh3 g5 31. Bf5 b6 32. Kf1 Nb7 33. Ke2 Bf8 34. Bc1 Be7 35. f4 exf4 36. gxf4 g4 37. e5 Nc5 38. Bb2 Ne6 39. Ke3 Ng7 40. Be4 h4 41. Bxc6 h3 42. Bd5+ Kg6 43. e6 g3 44. Kf3 Nf5 45. Be4 g2 46. Kf2 Bc5+ 47. Ke2 g1=Q 48. e7 Qe3+ 0-1


[Site "https://www.chess.com"]

[Event "Titled Tuesday Blitz January 17 Early 2023"]
[White "Papayan, Oleg"]
[Black "Malyi, Viacheslav"]
[WhiteFideId "4193911"]
[BlackFideId "14123983"]
[WhiteElo "2253"]
[BlackElo "2391"]
[Result "1-0"]
[Round "05"]
[TimeControl "180+2"]
[Date "2023.01.17"]
[WhiteClock "0:00:20"]
[BlackClock "0:00:11"]

1. e4 e5 2. Nf3 Nc6 3. Bb5 a6 4. Bxc6 dxc6 5. Nc3 f6 6. d4 exd4 7. Qxd4 Qxd4 8. Nxd4 Bd7 9. Be3 O-O-O 10. O-O-O c5 11. Nde2 b6 12. Bf4 Ne7 13. Bg3 f5 14. Rhe1 fxe4 15. Nxe4 Nf5 16. Ng5 Re8 17. Nf4 Rxe1 18. Rxe1 Nxg3 19. hxg3 Bd6 20. Nf7 Bxf4+ 21. gxf4 Rf8 22. Re7 h6 23. Ne5 Be8 24. Rxg7 Rxf4 25. f3 h5 26. Rg8 Kd8 27. Nc6+ Kd7 28. Nb8+ Ke7 29. Nxa6 c6 30. Rg7+ Bf7 31. Nb8 Kf6 32. Rh7 Kg6 33. Rh8 Bd5 34. Nd7 Rh4 35. Re8 Rh2 36. Re2 h4 37. Kd2 Rh1 38. c4 Bg8 39. Nxb6 Kf5 40. Nd7 Bxc4 41. Re5+ Kg6 42. Rxc5 Bxa2 43. Rxc6+ Kg5 44. Ne5 Kf4 45. Nd3+ Kg3 46. Rg6+ Kh2 47. Rg4 h3 48. gxh3 Kxh3 49. Nf2+ 1-0


[Site "https://www.chess.com"]

[Event "Titled Tuesday Blitz January 17 Early 2023"]
[White "Aldokhin, Ivan"]
[Black "Buscar, Michael"]
[WhiteFideId "24115720"]
[BlackFideId "2603616"]
[WhiteElo "2413"]
[BlackElo "2041"]
[Result "1-0"]
[Round "05"]
[TimeControl "180+2"]
[Date "2023.01.17"]
[WhiteClock "0:00:14"]
[BlackClock "0:00:21"]

1. e4 c5 2. Nf3 Nc6 3. d4 cxd4 4. Nxd4 Nf6 5. Nc3 e5 6. Ndb5 h6 7. Nd5 Nxd5 8. exd5 a6 9. Na3 Nb8 10. d6 b5 11. Be3 Qf6 12. Bc5 Bb7 13. c4 e4 14. cxb5 Qxb2 15. Rc1 Qxa2 16. Bc4 Qb2 17. O-O axb5 18. Nxb5 Na6 19. Rb1 Qe5 20. Bd4 Qg5 21. f4 exf3 22. Qe1+ Kd8 23. Bb6+ 1-0


[Site "https://www.chess.com"]

[Event "Titled Tuesday Blitz January 17 Early 2023"]
[White "Martynov, Pavel"]
[Black "Miszler, Levente"]
[WhiteFideId "4101260"]
[BlackFideId "763276"]
[WhiteElo "2414"]
[BlackElo "2271"]
[Result "1-0"]
[Round "05"]
[TimeControl "180+2"]
[Date "2023.01.17"]
[WhiteClock "0:00:37"]
[BlackClock "0:00:02"]

1. e4 e6 2. d4 d5 3. Nc3 dxe4 4. Nxe4 Nf6 5. Bd3 Nc6 6. Ne2 e5 7. dxe5 Nxe5 8. Bb5+ Bd7 9. Bxd7+ Qxd7 10. Nxf6+ gxf6 11. Qxd7+ Kxd7 12. O-O Bd6 13. Bf4 Rhg8 14. Rad1 Rae8 15. Ng3 Kc8 16. Kh1 Nc4 17. Bc1 Re6 18. b3 Na3 19. Rxd6 Rxd6 20. Bxa3 Rd2 21. Bb2 Rxc2 22. Bxf6 Rxa2 23. h4 Rg6 24. Be5 Re6 25. Bg7 Rb6 26. Ne4 Rxb3 27. Ng5 a5 28. Nxh7 a4 29. Nf6 Rb4 30. g3 Rbb2 31. Kg2 a3 32. h5 b6 33. h6 Kb7 34. h7 1-0


[Site "https://www.chess.com"]

[Event "Titled Tuesday Blitz January 17 Early 2023"]
[White "Garakov, Mikhael"]
[Black "Rian, Kapriaga"]
[WhiteFideId "4169034"]
[BlackFideId "7103263"]
[WhiteElo "2447"]
[BlackElo "2089"]
[Result "1-0"]
[Round "05"]
[TimeControl "180+2"]
[Date "2023.01.17"]
[WhiteClock "0:00:58"]
[BlackClock "0:00:08"]

1. e4 c6 2. d4 d5 3. exd5 cxd5 4. c4 Nf6 5. Nc3 Nc6 6. Nf3 Bg4 7. cxd5 Nxd5 8. Qb3 Bxf3 9. gxf3 Nb6 10. d5 Nd4 11. Qd1 e5 12. dxe6 fxe6 13. Be3 e5 14. f4 Bc5 15. Qh5+ Kf8 16. O-O-O exf4 17. Qxc5+ Qe7 18. Bxd4 Qxc5 19. Bxc5+ Kf7 20. Bxb6 axb6 21. Rd7+ Kf6 22. Rxb7 Rhc8 23. Rxb6+ Ke5 24. Bg2 Rxa2 25. Re1+ Kf5 26. Bh3+ Kg5 27. Bxc8 Ra1+ 28. Kd2 Ra8 29. Re5+ Kh4 30. Rc5 h5 31. Ne4 g5 32. Nxg5 Rxc8 33. Rxc8 f3 34. Rc5 Kg4 35. Rb4# 1-0


[Site "https://www.chess.com"]

[Event "Titled Tuesday Blitz January 17 Early 2023"]
[White "Vovk, Orest"]
[Black "Melikhov, Evgeny V."]
[WhiteFideId "14113490"]
[BlackFideId "4122046"]
[WhiteElo "2315"]
[BlackElo "2269"]
[Result "0-1"]
[Round "05"]
[TimeControl "180+2"]
[Date "2023.01.17"]
[WhiteClock "0:00:02"]
[BlackClock "0:00:02"]

1. h4 b6 2. h5 h6 3. Nc3 Bb7 4. e4 c5 5. Nf3 d6 6. Bb5+ Nd7 7. d4 a6 8. Bxd7+ Qxd7 9. dxc5 bxc5 10. e5 d5 11. Rh4 e6 12. Rg4 Ne7 13. Nh4 Nc6 14. Bf4 O-O-O 15. Na4 Kb8 16. Nf3 Nd4 17. b3 Nxf3+ 18. Qxf3 c4 19. Qc3 Qb5 20. O-O-O Rc8 21. Be3 Bb4 22. Qd4 Rhg8 23. Qa7+ Kc7 24. bxc4 Qxa4 25. Bb6+ Kc6 26. cxd5+ exd5 27. Bd4 Ba3+ 28. Kd2 Qb5 29. e6 fxe6 30. Be3 Bc5 31. Bxc5 Qxc5 32. Qxc5+ Kxc5 33. Re1 Kd6 34. Rg6 Rce8 35. f4 Kd7 36. g4 Bc6 37. Re5 Re7 38. Kd3 Rf8 39. Ke3 d4+ 40. Kxd4 Rxf4+ 41. Kc5 Bd5 42. g5 hxg5 43. Rgxg5 Rc4+ 44. Kb6 Rxc2 45. Rg6 Kd6 46. Reg5 Rb7+ 47. Kxa6 Rxa2# 0-1


[Site "https://www.chess.com"]

[Event "Titled Tuesday Blitz January 17 Early 2023"]
[White "Fathy, Elameir"]
[Black "Padmini, Rout"]
[WhiteFideId "10600396"]
[BlackFideId "5029295"]
[WhiteElo "2300"]
[BlackElo "2375"]
[Result "0-1"]
[Round "05"]
[TimeControl "180+2"]
[Date "2023.01.17"]
[WhiteClock "0:00:04"]
[BlackClock "0:01:41"]

1. d4 Nf6 2. c4 g6 3. Nc3 Bg7 4. e4 d6 5. Nf3 O-O 6. Be2 e5 7. d5 a5 8. Bg5 Nbd7 9. Nd2 c6 10. a3 Qb6 11. Na4 Qc7 12. b4 b5 13. dxc6 bxa4 14. cxd7 Nxd7 15. Qxa4 Bb7 16. Qd1 f5 17. O-O h6 18. Be7 Rf7 19. Bh4 g5 20. Bh5 Rf6 21. exf5 gxh4 22. Bf3 Rxf5 23. Bxb7 Qxb7 24. Qe2 Nf6 25. f3 Nh5 26. Rfb1 Nf4 27. Qe4 Qxe4 28. Nxe4 d5 29. cxd5 Nxd5 30. b5 Rff8 31. Rd1 Rfd8 32. a4 Kf7 33. Rac1 Bf8 34. Kf1 Ne3+ 0-1


[Site "https://www.chess.com"]

[Event "Titled Tuesday Blitz January 17 Early 2023"]
[White "Kalajzic, Ivan"]
[Black "Balabayeva, Xeniya"]
[WhiteFideId "14506378"]
[BlackFideId "13719688"]
[WhiteElo "2062"]
[BlackElo "2191"]
[Result "0-1"]
[Round "05"]
[TimeControl "180+2"]
[Date "2023.01.17"]
[WhiteClock "0:00:01"]
[BlackClock "0:00:19"]

1. d4 d5 2. Nc3 Nf6 3. Bg5 Bf5 4. f3 c6 5. g4 Bg6 6. h4 h5 7. Bh3 e6 8. Qd2 Be7 9. O-O-O Nbd7 10. e3 Nb6 11. gxh5 Bxh5 12. Bf1 a5 13. Bd3 Nbd7 14. Rf1 b5 15. Nge2 a4 16. Nf4 a3 17. Nxh5 Rxh5 18. e4 axb2+ 19. Kb1 Qa5 20. Kxb2 Qa3+ 21. Kb1 Bb4 22. Qc1 Qxc3 23. Qb2 Nb6 24. Qxc3 Bxc3 25. Bc1 Bxd4 26. exd5 Nbxd5 27. Bb2 Bxb2 28. Kxb2 Nb4 29. Rhg1 Nxd3+ 30. cxd3 g6 31. Rg5 Rxh4 32. Rc5 Kd7 33. Rfc1 Ra6 0-1


[Site "https://www.chess.com"]

[Event "Titled Tuesday Blitz January 17 Early 2023"]
[White "Musovic, Armin"]
[Black "Mrudul Dehankar"]
[WhiteFideId "939935"]
[BlackFideId "25096990"]
[WhiteElo "2261"]
[BlackElo "2030"]
[Result "1-0"]
[Round "05"]
[TimeControl "180+2"]
[Date "2023.01.17"]
[WhiteClock "0:01:07"]
[BlackClock "0:00:01"]

1. a3 g6 2. Nc3 Bg7 3. e4 c6 4. Bc4 d6 5. d3 Nf6 6. Nge2 O-O 7. O-O b5 8. Ba2 a5 9. h3 b4 10. axb4 axb4 11. Bxf7+ Kxf7 12. Rxa8 Bb7 13. Ra7 Qb6 14. Be3 c5 15. Ra1 bxc3 16. bxc3 Nbd7 17. Qb1 Qxb1 18. Rfxb1 Rb8 19. Ra7 Bc6 20. Rxb8 Nxb8 21. f3 Nfd7 22. Kf2 Ke8 23. d4 Kd8 24. Nf4 Bf6 25. Ne6+ Ke8 26. d5 Bb5 27. Nc7+ Kd8 28. Nxb5 Nb6 29. Na3 N8d7 30. Bd2 Kc8 31. f4 Kb8 32. Ra5 Kb7 33. g4 Bg7 34. Ke2 Nb8 35. Kd3 N8d7 36. c4 Bh6 37. Nb5 Bg7 38. Ra7+ Kb8 39. Ba5 Bf6 40. Bxb6 Nxb6 41. g5 Nc8 42. gxf6 Nxa7 43. fxe7 1-0


[Site "https://www.chess.com"]